[Event "Late-Titled-Tuesday-Blitz-April-23-2024"]
[Site "Chess.com"]
[Date "2024.04.23"]
[Round "9"]
[White "Sargsyan_Shant"]
[Black "Gravity_Chess"]
[Result "0-1"]
[WhiteElo "2954"]
[BlackElo "2886"]
[TimeControl "180+1"]
[EndTime "15:48:22 PDT"]
[Termination "Gravity_Chess won by resignation"]

1. c4 g6 2. h4 Bg7 3. h5 c6 4.
d4 d5 5. h6 Bf6 6. Nc3 e6 7. Nf3 Ne7 8. Bg5 Bxg5 9. Nxg5 Nf5 10. Nf3 O-O 11. e3 Nd7 12. Bd3 Nd6 13. c5 Nf5 14. b4 a5 15. a3 axb4 16. axb4 Rxa1 17.
Qxa1 Qf6 18. Ne2 Re8 19. Bxf5 exf5 20. Nf4 Nf8 21. Ne5 Qg5 22. Kd2 Qe7 23. b5 f6 24. Ned3 g5 25. Ne2 f4 26. Nexf4 gxf4 27. Nxf4 Ne6 28. Nd3 Ng5 29. Qa4 Bd7 30. b6 Ne4+ 31.
Kc2 Bf5 32. Kb2 Ng3 33. Rd1 Bxd3 34. Rxd3 Nf5 35. Ra3 Nxh6 36. Qc2 Qe4 37. Qxe4 Rxe4 38. Ra8+ Kf7 39. Rb8 Re7 40. e4 Ke6 41. f3 f5 42.
e5 f4 43. Kc3 Nf5 44. Rf8 Rf7 45. Re8+ Re7 46. Rf8 Rf7 47. Re8+ Ne7 48. Rb8 Ng6 49. Kd3 Nh4 50. Rg8 Ng6 51. Re8+ Re7 52. Rb8 Rf7 53. Ke2 Kf5 54. Rc8 Nf8 55. Kd3 Ne6 56.
Ra8 Rg7 57. Ra2 Rg3 58. Ra7 Rg7 59. Ra2 h5 60. Kc3 h4 61. Kd3 Rg3 62. Ra7 Rg7 63.
Ra2 h3 64. gxh3 Rh7 65. Rh2 Ng5 66. h4 Nxf3 67. Rf2 Nxh4 68. Rh2 Rh8 69. Ke2 Ng6 70.
Rg2 Rh3 71. Rg1 Re3+ 72. Kd2 Re4 73. Kc3 f3 74. Rh1 f2 75. Rf1 Re2 76. Kd3 Ra2 77. Ke3 Nf4 78. Kf3 Ne6 79. Ke3 Rb2 80. Rh1 Rb3+ 81.
Kxf2 Nxd4 82. Rh7 Ne6 83. Rxb7 Nxc5 84. Rc7 Rxb6 85. Re7 Ne6 86. Ke3 Kxe5 0-1

[Event "Late-Titled-Tuesday-Blitz-April-23-2024"]
[Site "Chess.com"]
[Date "2024.04.23"]
[Round "9"]
[White "Fh2411"]
[Black "super_emi_26"]
[Result "0-1"]
[WhiteElo "2550"]
[BlackElo "2706"]
[TimeControl "180+1"]
[EndTime "15:48:33 PDT"]
[Termination "super_emi_26 won on time"]

1. d4 g6 2. Nf3 Bg7 3. Bf4 Nf6 4. e3 O-O 5. h3 b6 6. Nbd2 Bb7 7. Be2 d6 8. O-O Nbd7 9. a4 a6 10. Bh2 Ne4 11.
Nxe4 Bxe4 12. Nd2 Bb7 13. Bf3 Qc8 14. c3 c5 15. Re1 Qc7 16. Bg3 Rfc8 17. Qe2 Rab8 18.
Bxb7 Qxb7 19. Nf3 b5 20. axb5 axb5 21. e4 b4 22. e5 bxc3 23. bxc3 cxd4 24. cxd4 dxe5 25.
dxe5 e6 26. Rad1 Nb6 27. Rb1 Qd7 28. Ng5 Nd5 29. Ne4 h5 30. Qf3 Rxb1 31. Rxb1 Qc7 32.
Nd6 Rf8 33. h4 Qc3 34. Qe4 Qd2 35. Qe1 Qxe1+ 36. Rxe1 Ne7 37. Bf4 Nc6 38. Bg3 Ra8 39. f4 Bf8 40. Ne4 Ra3 41. Bf2 Be7 42. Rc1 Ra6 43.
g3 Kg7 44. Kg2 Kf8 45. Rb1 Ra8 46. Rb7 Rc8 47. Kf3 Kg7 48. Kg2 Kf8 49. Bc5 Bxc5 50. Nxc5 Nxe5 51. Nxe6+ fxe6 52. fxe5 Rc5 53. Kf3 Rxe5 54. Kf4 Rf5+ 55. Ke4 Rf7 56. Rb6 Ke7 57.
Rb5 Rf5 58. Rb8 Rf1 59. Rg8 Kf7 60. Rb8 Rc1 61. Kf4 Rc4+ 62. Ke5 Rc5+ 63. Kf4 Ra5 64. Rh8 Ra4+ 65. Ke5 Ra3 66. Rh7+ Kg8 67. Rc7 Rxg3 68. Kxe6 Rf3 69. Rd7 Rf4 70. Rc7 Rxh4 71. Kf6 Rg4 72.
Ra7 h4 73. Rg7+ Kh8 74. Ra7 h3 75. Ra8+ Kh7 76. Ra7+ Kh6 77. Ra8 Rf4+ 78. Ke5 Rf3 79. Ke4 Rf7 80. Rh8+ Rh7 81. Rf8 h2 82. Rf1 Kg5 83.
Rh1 Kg4 0-1

[Event "Late-Titled-Tuesday-Blitz-April-23-2024"]
[Site "Chess.com"]
[Date "2024.04.23"]
[Round "9"]
[White "Durarbayli"]
[Black "LikeWater"]
[Result "1/2-1/2"]
[WhiteElo "2897"]
[BlackElo "2665"]
[TimeControl "180+1"]
[EndTime "15:49:48 PDT"]
[Termination "Game drawn - insufficient material"]

1. e4 e5 2. Nf3 d6 3. Bc4 Nf6 4. Ng5 d5 5. exd5 h6 6. Nf3 e4 7.
Ne5 Qe7 8. d4 exd3 9. f4 Nbd7 10.
Qxd3 Nxe5 11. fxe5 Ng4 12. e6 Ne5 13. Bb5+ c6 14. Qd4 Qf6 15. exf7+ Ke7 16. Nd2 cxb5 17. Rf1 Bf5 18. d6+ Kd7 19. Qd5 Bxd6 20. Qxb7+ Bc7 21. Qxb5+ Kc8 22. Ne4 Qh4+ 23. Ng3 g6 24. Qd5 Rb8 25. Bf4 Rd8 26. Bxe5 Bxe5 27. f8=Q Rxf8 28.
Qxe5 Rb6 29. Kd2 Qb4+ 30. Qc3+ Qxc3+ 31. bxc3 Rd8+ 32. Kc1 Be6 33. Ne4 Bc4 34. Re1 Re6 35. Kb2 Rde8 36. Red1 Rxe4 37. Rd6 Be6 38. Rad1 Re7 39.
Ra6 Bf7 40. Rf1 Rb7+ 41. Kc1 Re5 42. Raf6 Be8 43. Rf8 Rbe7 44. R1f6 Kc7 45. Ra6 Kb7 46. Rd6 Bc6 47. Rxg6 R5e6 48. Rff6 Rxf6 49. Rxf6 h5 50. g3 Re2 51. h3 Rg2 52. g4 hxg4 53. hxg4 Rxg4 54.
Rf7+ Kb6 55. Rf6 a5 56. Kb2 Kc5 57. Rf5+ Bd5 58. Rh5 Rg8 59. a3 Rb8+ 60. Kc1 Rg8 61. Kb2 Rg2 62. Re5 Kc4 63. Re7 Bc6 64. Rc7 Kd5 65. Ra7 Kd6 66. Rxa5 Be4 67. c4 Bxc2 68. Kc3 Be4 69. Rh5 Bc6 70. Rh6+ Kc7 71. Rh5 Kb6 72. Rh6 Rg3+ 73. Kb4 Rg4 74. a4 Rg1 75. a5+ Kc7 76. Rh7+ Bd7 77. Kc5 Ra1 78. Kb4 Ra4+ 79. Kc3 Rxa5 80.
Kb4 Ra4+ 81. Kb3 Ra1 82. c5 Kc6 83. Kc3 Be6 84. Rh6 Re1 85. Kd2 Re5 86. Rh4 Kxc5 87. Kc3 Re3+ 88. Kd2 Rg3 89. Rf4 Bd5 90. Rf8 Kd4 91.
Rd8 Rg2+ 92. Kd1 Ke4 93. Kc1 Kd4 94. Kd1 Kc4 95. Ke1 Rh2 96. Rd7 Be4 97. Rd2 Rh1+ 98. Ke2 Bd3+ 99. Ke3 Rh3+ 100. Kf4 Kd4 101. Ra2 Rh8 102. Ra4+ Bc4 103. Kg4 Rg8+ 104. Kh4 Kd5 105. Ra5+ Ke6 106. Ra4 Bd5 107. Rg4 Rf8 108. Kg3 Ke5 109. Rb4 Be4 110. Rb5+ Kd4 111. Rb4+ Ke3 112. Rb3+ Bd3 113. Ra3 Rg8+ 114. Kh3 Ke4 115. Kh2 Be2 116. Rg3 Rh8+ 117. Kg2 Kf4 118. Ra3 Bc4 119. Ra4 Rc8 120. Kf2 Ke4 121. Kg3 Kd4 122. Kf4 Rf8+ 123. Kg4 Kd5 124. Kg3 Bd3 125. Rf4 Rg8+ 126. Kf3 Be4+ 127. Rxe4 Rf8+ 128. Rf4 Rxf4+ 129. Kxf4 1/2-1/2

[Event "Late-Titled-Tuesday-Blitz-April-23-2024"]
[Site "Chess.com"]
[Date "2024.04.23"]
[Round "9"]
[White "Mops_2004"]
[Black "nindjaxx8"]
[Result "1-0"]
[WhiteElo "2855"]
[BlackElo "2650"]
[TimeControl "180+1"]
[EndTime "15:50:08 PDT"]
[Termination "Mops_2004 won on time"]

1. g3 d5 2. Nf3 Nf6 3. Bg2 Bf5 4. O-O e6 5. c4 c6 6. Qb3 Qc8 7. d3 Nbd7 8. cxd5 exd5 9. Nc3 Be7 10. e4 dxe4 11. dxe4 Be6 12. Qc2 h6 13. Nd4 Nb6 14. b3 O-O 15. Be3 Rd8 16. Rad1 Bb4 17. Nce2 Bd6 18. f4 Ng4 19. Bc1 Bf8 20. h3 Nf6 21.
g4 c5 22. Nxe6 Qxe6 23. Nc3 Rd4 24. Be3 Rxd1 25. Rxd1 c4 26. e5 Ne8 27. Bxb7 Rb8 28. Bf3 cxb3 29. axb3 Rc8 30. Qb2 Rb8 31. Qa2 Rc8 32.
Nb5 Bc5 33. Bxc5 Rxc5 34. Nd4 Qe7 35. Nf5 Qc7 36. Rd2 Rc1+ 37. Kh2 Qc5 38. Rg2 Nc7 39. Nd6 Ne6 40. Qxa7 Qc7 41. Qxc7 Rxc7 42. f5 Nd4 43.
Bd1 Re7 44. Rd2 Nc6 45. Kg3 Rxe5 46. Bf3 Ne7 47. Rc2 f6 48. Rc7 Nbd5 49. Rc5 Re3 50. Kf2 Rd3 51. Nc4 Nf4 52. h4 Ned5 53. Rc8+ Kf7 54. Nd6+ Ke7 55. Ne4 Rxb3 56. Ra8 Rb2+ 57. Kg3 Ne2+ 58. Bxe2 Rxe2 59. Ra7+ Kf8 60. Nc5 Re7 61.
Ne6+ Kf7 62. Ra8 Re8 63. Rxe8 Kxe8 64. Nxg7+ Kf7 65. Nh5 Ne7 66. Kf4 Nd5+ 67. Ke4 Nc3+ 68. Kf3 Nb5 69. Nf4 Nd4+ 70. Ke4 Nc2 71. Nd3 Na3 72. Kd5 Nc2 73. Ke4 Na3 74. Nb2 Nb5 75.
Nc4 Nc3+ 76. Kd4 Nd1 77. Nd6+ Ke7 78. Ne4 Nb2 79. Nc3 Kd6 80. h5 Ke7 81. Kc5 Nd3+ 82.
Kd4 Ne5 83. Nd5+ Kf7 84. Ne3 Nf3+ 85. Ke4 Ne5 86. Kf4 Nd3+ 87. Kg3 Ne5 88. Ng2 Nd3 89. Nf4 Nc5 90. Nd5 Ne4+ 91. Kf4 Nd2 92. Ne3 Nb3 93. Nc2 Nc5 94. Ke3 Nd7 95. Nd4 Ne5 96.
Kf4 Nd3+ 97. Kg3 Ne5 98. Ne6 Nc4 99. Nd8+ Ke7 100. Nc6+ Kf7 101. Nb4 Nd6 102. Nd3 Ne4+ 103. Kh4 Nd2 104. Nf4 Nf3+ 105. Kh3 Ne5 106. Ng6 Nc4 107. Kg3 Nd6 108. Nf4 Ne4+ 109. Kf3 Nd2+ 110. Ke2 Nc4 111. Nd5 Ne5 112. Ne3 Nc6 113. Kd3 Ne5+ 114. Ke4 Nc6 115. Kd5 Ne5 116. Kd6 Nd3 117. Nc4 Nf2 118. Kd7 Nxg4 119. Nd6+ Kg7 120. Ke6 Kf8 121. Nc8 Kg7 122. Nd6 Kf8 123. Nb5 Kg7 124. Nc7 Kf8 125. Nd5 Kg7 126. Ke7 Nh2 127. Nxf6 Nf3 128. Ne8+ Kg8 129. Kf6 Nd4 130. Kg6 Kf8 131. Nd6 Ke7 132. Ne4 Kf8 133. f6 Nc6 134. Kxh6 Ne5 135. Kg5 Kf7 136. Kf5 Nf3 137. Ng5+ Nxg5 138. Kxg5 Kf8 139. Kg6 1-0

[Event "Late-Titled-Tuesday-Blitz-April-23-2024"]
[Site "Chess.com"]
[Date "2024.04.23"]
[Round "10"]
[White "Stanbad1"]
[Black "ZachHKL"]
[Result "1-0"]
[WhiteElo "2610"]
[BlackElo "2326"]
[TimeControl "180+1"]
[EndTime "15:53:23 PDT"]
[Termination "Stanbad1 won by resignation"]

1. d4 d5 2. Nc3 Nf6 3. Bf4 e6 4. Nb5 Na6 5. e3 Be7 6. Nf3 c6 7. Nc3 O-O 8. h3 Bd7 9. Ne5 Be8 10. a3 c5 11. Be2 Qb6 12. Rb1 Rc8 13. O-O Nd7 14.
Nf3 h6 15. Bh2 Nf6 16. Re1 Bc6 17. Ne5 Rfe8 18. b4 cxb4 19. axb4 Bxb4 20. Na2 Qa5 21. Nxb4 Nxb4 22. Qd2 1-0

[Event "Late-Titled-Tuesday-Blitz-April-23-2024"]
[Site "Chess.com"]
[Date "2024.04.23"]
[Round "10"]
[White "Jahonas"]
[Black "jinxy2009"]
[Result "1-0"]
[WhiteElo "2396"]
[BlackElo "2298"]
[TimeControl "180+1"]
[EndTime "15:53:51 PDT"]
[Termination "Jahonas won by resignation"]

1. d4 Nf6 2. c4 g6 3. Nf3 Bg7 4. Nc3 d5 5. Bg5 Ne4 6. Bf4 Nxc3 7. bxc3 c5 8. e3 cxd4 9. cxd4 O-O 10. c5 Nc6 11.
Be2 Bg4 12. O-O Bxf3 13. Bxf3 e6 14. Bd6 Re8 15. Rb1 Qd7 16. Qa4 Bf8 17. Bxf8 Kxf8 18. Rb3 Rab8 19. Rfb1 Kg7 20. g3 h5 21. h4 Red8 22.
Qa3 Qe7 23. Qb2 f6 24. Rxb7 Rxb7 25. Qxb7 Qxb7 26. Rxb7+ Kf8 27. Rc7 Nb4 28. Rxa7 e5 29. a3 Nc6 30. Ra6 Ne7 31. Rxf6+ Kg7 32. Re6 Kf7 33.
Rxe5 Ra8 34. Bxd5+ Nxd5 35. Rxd5 Rxa3 36. c6 Ke6 37.
Rc5 Ra8 38. c7 Rc8 39. Kg2 Kd6 40. Kf3 Kd7 41. Kf4 Rf8+ 42. Kg5 1-0

[Event "Late-Titled-Tuesday-Blitz-April-23-2024"]
[Site "Chess.com"]
[Date "2024.04.23"]
[Round "10"]
[White "PapaieDudu"]
[Black "Russian_berezka"]
[Result "0-1"]
[WhiteElo "2440"]
[BlackElo "2622"]
[TimeControl "180+1"]
[EndTime "15:54:30 PDT"]
[Termination "Russian_berezka won by resignation"]

1. Nf3 Nf6 2. d4 d5 3. c4 e6 4.
Nc3 dxc4 5. e3 a6 6. a4 b6 7. Bxc4 Bb7 8. O-O Bb4 9. Ne5 O-O 10.
Qe2 c5 11. Rd1 Qe7 12. Nd3 Bxc3 13. bxc3 b5 14. axb5 axb5 15. Rxa8 bxc4 16. Rxb8 Rxb8 17. Nxc5 Ne4 18. Ba3 Nxc3 19. Qc2 Nxd1 20. Qxd1 Bc6 21. h3 Qg5 22. e4 c3 23. Qc2 Qd2 0-1

[Event "Late-Titled-Tuesday-Blitz-April-23-2024"]
[Site "Chess.com"]
[Date "2024.04.23"]
[Round "10"]
[White "Flaccidmoves"]
[Black "zano2023"]
[Result "1-0"]
[WhiteElo "2386"]
[BlackElo "2159"]
[TimeControl "180+1"]
[EndTime "15:54:30 PDT"]
[Termination "Flaccidmoves won by resignation"]

1. c4 d6 2. g3 Nf6 3. Bg2 e5 4. Nf3 Be7 5. d4 Nbd7 6. O-O c6 7. Nc3 O-O 8. b4 Re8 9. Bb2 Qc7 10. c5 exd4 11. cxd6 Bxd6 12. Qxd4 Ne5 13. Ng5 h6 14. Nge4 Nxe4 15. Nxe4 Bf8 16. f4 Nd7 17. Rfd1 Nb6 18.
Nf6+ gxf6 19. Qxf6 1-0

[Event "Late-Titled-Tuesday-Blitz-April-23-2024"]
[Site "Chess.com"]
[Date "2024.04.23"]
[Round "10"]
[White "kleber2007"]
[Black "theredking89"]
[Result "0-1"]
[WhiteElo "2455"]
[BlackElo "2800"]
[TimeControl "180+1"]
[EndTime "15:54:58 PDT"]
[Termination "theredking89 won by resignation"]

1. Nf3 Nf6 2. g3 g6 3. b3 Bg7 4. Bb2 c5 5. Bg2 O-O 6. c4 Nc6 7. O-O d6 8. d4 cxd4 9. Nxd4 Qb6 10. Nc2 Be6 11. Nc3 Bxc4 12. bxc4 Qxb2 13. Nd5 Nxd5 14.
cxd5 Ne5 15. Rb1 Qxa2 16. Rxb7 Rfe8 17. Nb4 Qb2 18. Qb1 Qxe2 19. Nc6 Nf3+ 20. Kh1 Nd2 21. Qd1 Qa6 22. Rc7 Nxf1 23. Bxf1 Qb6 24. Nxe7+ 0-1

[Event "Late-Titled-Tuesday-Blitz-April-23-2024"]
[Site "Chess.com"]
[Date "2024.04.23"]
[Round "10"]
[White "Bilan_Danila"]
[Black "Akhayan"]
[Result "1-0"]
[WhiteElo "2560"]
[BlackElo "2411"]
[TimeControl "180+1"]
[EndTime "15:55:20 PDT"]
[Termination "Bilan_Danila won by resignation"]

1. d4 Nf6 2. Nf3 g6 3. Bg5 Bg7 4. c3 O-O 5. Nbd2 d5 6. e3 c6 7. Bd3 Qb6 8. b4 a5 9. a3 axb4 10. axb4 Rxa1 11. Qxa1 Bf5 12. Bxf5 gxf5 13. O-O Ne4 14.
Nxe4 fxe4 15. Nd2 e5 16. Nb3 Nd7 17. Qa5 Qxa5 18. Nxa5 exd4 19. cxd4 Ra8 20. Nxb7 Rb8 21. Na5 Rc8 22. Rc1 Bf8 23. Nxc6 f6 24. Ne7+ Bxe7 25. Rxc8+ Kf7 26. Bf4 Bxb4 27. g4 Nf8 28. h4 Ne6 29. Bg3 Be7 30. Ra8 h6 31. Ra7 Kf8 32. Rd7 1-0

[Event "Late-Titled-Tuesday-Blitz-April-23-2024"]
[Site "Chess.com"]
[Date "2024.04.23"]
[Round "10"]
[White "DanielDardha2005"]
[Black "TheSilmarils"]
[Result "1-0"]
[WhiteElo "2877"]
[BlackElo "2967"]
[TimeControl "180+1"]
[EndTime "15:55:21 PDT"]
[Termination "DanielDardha2005 won by resignation"]

1. d4 Nf6 2. Bg5 Ne4 3. h4 d5 4. Nd2 Nxg5 5. hxg5 c5 6. dxc5 e5 7. e4 Bxc5 8. exd5 Qxd5 9. Ngf3 e4 10. Bc4 Qf5 11.
Qe2 O-O 12. Nxe4 Be7 13. O-O-O Nc6 14. Bd3 Qf4+ 15. Kb1 Bf5 16. Rh4 Qc7 17. Nf6+ Bxf6 18. Bxf5 Rfe8 19. Bxh7+ Kf8 20. Be4 Be5 21. Rh8+ Ke7 22.
Rxe8+ Rxe8 23. Bxc6 Qxc6 24. Qxe5+ Kf8 25. Qd6+ Qxd6 26.
Rxd6 Re2 1-0

[Event "Late-Titled-Tuesday-Blitz-April-23-2024"]
[Site "Chess.com"]
[Date "2024.04.23"]
[Round "10"]
[White "Korchmar_Vasiliy"]
[Black "yaguigor"]
[Result "1-0"]
[WhiteElo "2698"]
[BlackElo "2565"]
[TimeControl "180+1"]
[EndTime "15:55:25 PDT"]
[Termination "Korchmar_Vasiliy won by resignation"]

1. d4 d5 2. c4 c6 3. Nf3 Nf6 4. Nc3 e6 5. Qc2 dxc4 6. e4 b5 7. Be2 Bb7 8. O-O Nbd7 9. Bg5 h6 10. Bh4 g5 11. Bg3 Nh5 12. Rad1 Nxg3 13. fxg3 Bg7 14. d5 b4 15. dxe6 fxe6 16. Na4 Qe7 17. Bxc4 Nb6 18.
Nxb6 axb6 19. e5 O-O 20. Rd6 Kh8 21. Rfd1 Rad8 22. h3 Bxe5 23. Nxe5 Rxd6 24. Ng6+ 1-0

[Event "Late-Titled-Tuesday-Blitz-April-23-2024"]
[Site "Chess.com"]
[Date "2024.04.23"]
[Round "10"]
[White "ChessSwole"]
[Black "ImportedItalianMaple"]
[Result "1-0"]
[WhiteElo "2679"]
[BlackElo "2454"]
[TimeControl "180+1"]
[EndTime "15:55:30 PDT"]
[Termination "ChessSwole won by resignation"]

1. d4 g6 2. e4 Bg7 3. Nf3 d6 4. Bc4 e6 5. Bb3 b6 6. O-O Bb7 7. Re1 Ne7 8. Nbd2 h6 9. c3 g5 10. Nf1 Nd7 11. Ng3 Nf6 12. Qe2 Ng6 13. e5 dxe5 14.
dxe5 Nd5 15. Nh5 Rg8 16. Ba4+ c6 17. c4 Nde7 18. Bc2 Qc7 19. Nf6+ Bxf6 20. exf6 Nc8 21.
Nd4 Kf8 22. Qxe6 Nd6 23. Qh3 Nh4 24. Qxh4 gxh4 25. Bxh6+ Rg7 26. Bh7 Ne8 27. Nf5 1-0

[Event "Late-Titled-Tuesday-Blitz-April-23-2024"]
[Site "Chess.com"]
[Date "2024.04.23"]
[Round "10"]
[White "frequentblunders"]
[Black "SmirnovTimofey2000"]
[Result "1-0"]
[WhiteElo "2210"]
[BlackElo "1962"]
[TimeControl "180+1"]
[EndTime "15:55:30 PDT"]
[Termination "frequentblunders won by resignation"]

1. d3 e5 2. f4 d6 3. Nf3 Nc6 4. e4 Bg4 5. Nc3 Nd4 6. Be2 Bxf3 7. Bxf3 Nxf3+ 8. Qxf3 g6 9. O-O Bg7 10. fxe5 Qe7 11.
exd6 cxd6 12. Nd5 Qd7 13. Bg5 h6 14. Nf6+ Nxf6 15. Bxf6 O-O 16. Bxg7 Kxg7 17. Qf6+ Kg8 18. Rf4 Rac8 19. c4 Qe6 20. Raf1 Qxf6 21. Rxf6 Rcd8 22.
Kf2 Kg7 23. Ke3 Rd7 24. Kd4 Re8 25. h4 b6 26. g4 a5 27. h5 gxh5 28. gxh5 Re5 29.
R1f5 Rxf5 30. Rxf5 Re7 31. Kd5 Re6 32. d4 Kf8 33. a4 Ke7 34. e5 dxe5 35. Rxe5 f6 36.
Rxe6+ 1-0

[Event "Late-Titled-Tuesday-Blitz-April-23-2024"]
[Site "Chess.com"]
[Date "2024.04.23"]
[Round "10"]
[White "ozates"]
[Black "NikitaShnadrygin"]
[Result "1-0"]
[WhiteElo "2573"]
[BlackElo "2697"]
[TimeControl "180+1"]
[EndTime "15:55:33 PDT"]
[Termination "ozates won by resignation"]

1. e4 c5 2. Nf3 e6 3. d4 cxd4 4. Nxd4 Nf6 5. Nc3 Nc6 6. Be2 d5 7. exd5 exd5 8. O-O Be7 9. Bg5 O-O 10. Bf3 Ne5 11.
Bxf6 Bxf6 12. Nxd5 Nxf3+ 13. Nxf3 Bxb2 14. Rb1 Ba3 15.
Qd3 Bd6 16. Rfd1 Be6 17. Rxb7 Qa5 18. Nf6+ gxf6 19. Qxd6 Rad8 20. Qg3+ Kh8 21. Rxd8 Rxd8 22. h4 Qxa2 23. Qf4 Qa1+ 24. Kh2 a5 25. Ra7 Qc3 26. h5 Rg8 27. Rc7 Qb2 28. c3 Qb8 29. Qxf6+ Rg7 30.
h6 Qxc7+ 31. Ne5 1-0

[Event "Late-Titled-Tuesday-Blitz-April-23-2024"]
[Site "Chess.com"]
[Date "2024.04.23"]
[Round "10"]
[White "JoakimVonAnd"]
[Black "WoodlandMagic"]
[Result "1-0"]
[WhiteElo "2745"]
[BlackElo "2821"]
[TimeControl "180+1"]
[EndTime "15:55:35 PDT"]
[Termination "JoakimVonAnd won by resignation"]

1. d4 Nf6 2. Nf3 g6 3. c4 Bg7 4. g3 O-O 5. Bg2 d6 6. O-O Nc6 7. d5 Nb4 8. Nc3 c6 9. a3 Na6 10. dxc6 bxc6 11. Nd4 Nb8 12. Nxc6 Nxc6 13. Bxc6 Rb8 14. Bg2 Be6 15. Nd5 Nxd5 16. cxd5 Bd7 17. Rb1 a5 18. b4 axb4 19. axb4 Qc7 20. Bg5 Bb5 21. Qd2 Rfc8 22. Rfc1 Qa7 23. Bh3 Rc4 24.
Rxc4 Bxc4 25. Rc1 Bb3 26. Qe3 Qxe3 27. Bxe3 Bxd5 28. b5 Bb2 29. Rc8+ Rxc8 30. Bxc8 Bc4 31. b6 d5 32. b7 1-0

[Event "Late-Titled-Tuesday-Blitz-April-23-2024"]
[Site "Chess.com"]
[Date "2024.04.23"]
[Round "10"]
[White "Casablanca"]
[Black "Mops_2004"]
[Result "0-1"]
[WhiteElo "2699"]
[BlackElo "2860"]
[TimeControl "180+1"]
[EndTime "15:55:37 PDT"]
[Termination "Mops_2004 won by resignation"]

1. Nf3 g6 2. g3 Bg7 3. Bg2 f5 4. O-O Nh6 5. d4 O-O 6. c4 Nc6 7. Nc3 d6 8. d5 Na5 9. Qd3 c5 10. Ng5 Ng4 11. b3 Ne5 12. Qc2 h6 13. Ne6 Bxe6 14. dxe6 Qc8 15. f4 Nec6 16. Bb2 Kh7 17. e4 Qxe6 18. exf5 gxf5 19. Rfe1 Qf7 20. Rad1 Nd4 21.
Qd3 Nac6 22. Nd5 e6 23. Ne3 Kh8 24. Bc3 Rad8 25. h3 a6 26. Kh2 b5 27. cxb5 axb5 28. Bxc6 Nxc6 29. Bxg7+ Qxg7 30. Qxb5 Nd4 31. Qd3 Nf3+ 32.
Kg2 Nxe1+ 33. Rxe1 Rg8 34. Nc4 e5 35. Rf1 Qb7+ 36.
Kh2 e4 37. Qc3+ Qg7 38. Qe3 d5 39. Ne5 d4 40. Qf2 d3 41. g4 fxg4 42. Rg1 d2 43. Rxg4 0-1

[Event "Late-Titled-Tuesday-Blitz-April-23-2024"]
[Site "Chess.com"]
[Date "2024.04.23"]
[Round "10"]
[White "Veleamater"]
[Black "ferrufino64"]
[Result "1/2-1/2"]
[WhiteElo "2422"]
[BlackElo "2313"]
[TimeControl "180+1"]
[EndTime "15:55:41 PDT"]
[Termination "Game drawn - insufficient material"]

1. g3 c5 2. Bg2 Nc6 3. d3 e5 4. Nf3 d6 5. O-O Nge7 6. Nc3 g6 7. e4 Bg7 8. Ne1 O-O 9. f4 f5 10. Nf3 Nd4 11. Be3 Be6 12. Ng5 Bd7 13. Qd2 h6 14. Nf3 Nxf3+ 15. Rxf3 Kh7 16. Raf1 Be6 17. h3 Rc8 18.
Kh2 a6 19. a4 c4 20. R3f2 cxd3 21. cxd3 d5 22. exd5 Nxd5 23. Nxd5 Bxd5 24. a5 exf4 25. Bxf4 Bxg2 26. Rxg2 Qd5 27. Re1 Rfd8 28. Re7 Rd7 29.
Rge2 Rcd8 30. Bxh6 Rxe7 31. Rxe7 Rd7 32. Rxd7 Qxd7 33. Bxg7 Kxg7 34. Qc3+ Kh7 35. b4 Qd5 36. Qd2 Qd4 37. h4 Kg7 38. Kg2 Qd5+ 39. Kf2 Qd4+ 40. Ke2 Qe5+ 41. Qe3 Qb2+ 42. Kf3 Qxb4 43. Qb6 Qxb6 44. axb6 Kf6 45. Ke3 Ke5 46. d4+ Kd5 47. g4 fxg4 48. Kf4 g3 49. Kxg3 a5 50. Kg4 a4 51.
Kg5 a3 52. Kxg6 a2 53. h5 a1=Q 54. h6 Qg1+ 55. Kf7 Qf2+ 56. Kg8 Qxd4 57. h7 Kc6 58. h8=Q Qxh8+ 59. Kxh8 Kxb6 60. Kg7 Kc5 61. Kf6 b5 62. Kf5 b4 63. Ke4 b3 64. Kd3 b2 65. Kc2 b1=Q+ 66.
Kxb1 1/2-1/2

[Event "Late-Titled-Tuesday-Blitz-April-23-2024"]
[Site "Chess.com"]
[Date "2024.04.23"]
[Round "10"]
[White "rhwr"]
[Black "cthake"]
[Result "1-0"]
[WhiteElo "2295"]
[BlackElo "1886"]
[TimeControl "180+1"]
[EndTime "15:55:50 PDT"]
[Termination "rhwr won by resignation"]

1. e4 e6 2. Nf3 d5 3. e5 c5 4. b4 cxb4 5. a3 Nc6 6. axb4 Bxb4 7. c3 Bf8 8. d4 Nge7 9. Bd3 Ng6 10. O-O Be7 11. g3 O-O 12. h4 a6 13.
Ba3 b5 14. Bxe7 Qxe7 15. h5 Nh8 16. Bxb5 Bb7 17. Bd3 f6 18. Nbd2 fxe5 19. Nxe5 Nxe5 20. dxe5 Nf7 21. f4 Qc7 22. Rc1 Qc6 23. Nf3 a5 24.
Nd4 Qd7 25. Qg4 Nh6 26. Qxe6+ Qxe6 27. Nxe6 Rf7 28. Ng5 Rc7 29. Bxh7+ Kh8 30. Bg6 a4 31. e6 a3 32. Nf7+ Nxf7 33. exf7 a2 34. Ra1 Rxc3 35. Rxa2 Rxg3+ 36. Rg2 Rc3 37. Re1 Rcc8 38. Re8+ Rxe8 39.
fxe8=Q+ Rxe8 40. Bxe8 d4 41. Rd2 1-0

[Event "Late-Titled-Tuesday-Blitz-April-23-2024"]
[Site "Chess.com"]
[Date "2024.04.23"]
[Round "10"]
[White "ploxoi"]
[Black "aranibos"]
[Result "0-1"]
[WhiteElo "2386"]
[BlackElo "2267"]
[TimeControl "180+1"]
[EndTime "15:55:51 PDT"]
[Termination "aranibos won by resignation"]

1. d4 d5 2. Nf3 Nf6 3. c4 c6 4. cxd5 cxd5 5. Nc3 Nc6 6. Bf4 a6 7. e3 Bg4 8. Bd3 e6 9. a4 Bb4 10. Qb3 Bxf3 11. gxf3 O-O 12. Rg1 Nh5 13. Bg3 g6 14. Ke2 Qe7 15. Rac1 Rac8 16. Na2 a5 17. Bb5 Bd6 18. Bxc6 bxc6 19. Rc2 c5 20. dxc5 Rxc5 21. Rgc1 Rxc2+ 22. Rxc2 Nxg3+ 23. fxg3 Rb8 24. Qc3 Bb4 25. Nxb4 Rxb4 26. Qe5 Qb7 27. f4 h5 28. Qf6 d4 29.
exd4 Qe4+ 30. Kd2 Rxd4+ 0-1

[Event "Late-Titled-Tuesday-Blitz-April-23-2024"]
[Site "Chess.com"]
[Date "2024.04.23"]
[Round "10"]
[White "giomar27"]
[Black "nabukatnezarr"]
[Result "0-1"]
[WhiteElo "2499"]
[BlackElo "2623"]
[TimeControl "180+1"]
[EndTime "15:56:00 PDT"]
[Termination "nabukatnezarr won by resignation"]

1. d4 Nf6 2. Nc3 d5 3. Bf4 a6 4. e3 Bf5 5. Nf3 e6 6. Bd3 Bxd3 7. cxd3 Nbd7 8. Ne5 Nxe5 9. dxe5 Nd7 10. O-O Be7 11.
Bg3 O-O 12. f4 g6 13. e4 dxe4 14. dxe4 Nc5 15. Qg4 h5 16. Qf3 Qd3 17. Rad1 Qxf3 18. Rxf3 Rad8 19. Rff1 Rxd1 20. Rxd1 Rd8 21. Rxd8+ Bxd8 22. Kf1 Kf8 23. Ke2 Ke8 24. Bf2 Nd7 25. b4 Be7 26. a3 Kd8 27. Kd3 c6 28. g3 Kc7 29.
h3 b5 30. g4 hxg4 31. hxg4 c5 32. Na2 Kc6 33. Kc3 Bd8 34. g5 Bb6 35. bxc5 Nxc5 36.
Nb4+ Kb7 37. Bxc5 Bxc5 38. Kb3 Bxb4 39. axb4 Kb6 40. f5 a5 41. Ka3 axb4+ 42. Kxb4 Kc6 43.
Kb3 Kc5 44. Kc3 b4+ 45. Kb3 Kb5 0-1

[Event "Late-Titled-Tuesday-Blitz-April-23-2024"]
[Site "Chess.com"]
[Date "2024.04.23"]
[Round "10"]
[White "kripri"]
[Black "Kratos031"]
[Result "1-0"]
[WhiteElo "2350"]
[BlackElo "2457"]
[TimeControl "180+1"]
[EndTime "15:56:10 PDT"]
[Termination "kripri won by resignation"]

1. e4 c5 2. Nf3 Nc6 3. d4 cxd4 4. Nxd4 e5 5. Nb5 d6 6. N1c3 a6 7. Na3 Be7 8. Nd5 Nf6 9. Be3 Nxd5 10. exd5 Nb8 11. Be2 O-O 12. O-O f5 13. Nc4 Nd7 14. f3 b5 15. Nd2 Bb7 16. c4 b4 17. Qb3 a5 18. c5 Ba6 19. Bxa6 Rxa6 20. Nc4 a4 21. Qxb4 Nxc5 22. Bxc5 dxc5 23. Qd2 Bd6 24. Rfe1 Re8 25. Qd3 e4 26. fxe4 fxe4 27. Rxe4 Ra8 28. Rxe8+ Qxe8 29. Nxd6 Qe5 30. Nc4 Qf5 1-0

[Event "Late-Titled-Tuesday-Blitz-April-23-2024"]
[Site "Chess.com"]
[Date "2024.04.23"]
[Round "10"]
[White "JaackCamel"]
[Black "masterofpuppets2"]
[Result "0-1"]
[WhiteElo "2252"]
[BlackElo "2482"]
[TimeControl "180+1"]
[EndTime "15:56:15 PDT"]
[Termination "masterofpuppets2 won on time"]

1. d4 d5 2. c4 e6 3. Nc3 c5 4.
cxd5 exd5 5. Nf3 Nf6 6. g3 Nc6 7. Bg2 Be7 8. O-O O-O 9. Bg5 c4 10. Ne5 Be6 11. e3 h6 12. Bxf6 Bxf6 13. Nxc6 bxc6 14.
b3 cxb3 15. axb3 c5 16. Na4 cxd4 17. exd4 Bf5 18. Nc5 Qd6 19. Ra6 Qd8 20. Re1 Re8 21.
Rxe8+ Qxe8 22. Rxf6 gxf6 23. Bxd5 Rd8 24. Qf3 Bh3 25.
Nd3 Rxd5 26. Qxd5 Qe2 27. Qd8+ Kg7 0-1